 Dungeon Crawl Stone Soup version 0.31-a0-1576-ga3383bade6 (webtiles) character file.

Game seed: 11227308598456166036

294 monsoonserge the Conjurer (level 6, 0/70 HPs)
             Began as a Draconian Conjurer on Jan 5, 2024.
             Slain by a kobold brigand
             ... wielding a +0 whip
              (4 damage)
             ... in a sewer.
             The game lasted 00:09:18 (3048 turns).

monsoonserge the Conjurer (Draconian Conjurer)      Turns: 3048, Time: 00:09:18

Health: 0/70       AC:  7    Str: 11    XL:     6   Next: 11%
Magic:  0/9        EV: 12    Int: 20    God:
Gold:   133        SH:  0    Dex: 12    Spells: 6/9 levels left

rFire   + . .        n - +3 flail
rCold   . . .        (no shield)
rNeg    . . .        (body armour unavailable)
rPois   +            (helmet restricted)
rElec   .            (no cloak)
rCorr   .            c - +0 pair of gloves
SInv    .            (no boots)
Will    .....        (no amulet) Stlth
                     e - ring of protection from cold
HPRegen 0.31/turn    h - ring of the Thistle {Fire +Blink rPois Str+2 Dex+2}
MPRegen 0.11/turn

%: no passive effects
@: berserking, very quick
A: AC +6, unfitting armour, cold-blooded
a: Evoke Blink


You were in a sewer.
You visited 1 branch of the dungeon, and saw 4 of its levels.
You also visited: Sewer.

You collected 133 gold pieces.

Inventory:

Hand Weapons
 n - a +3 flail (weapon)
Missiles
 p - a curare-tipped dart
Armour
 c - a +0 pair of gloves (worn)
Jewellery
 e - a ring of protection from cold (left hand)
 h - the ring of the Thistle (right hand) {Fire +Blink rPois Str+2 Dex+2}
   (You found it on level 3 of the Dungeon)

   [ring of fire]

   Fire:      It enhances your fire magic.
   Str+2:     It affects your strength (+2).
   Dex+2:     It affects your dexterity (+2).
   rF+:       It protects you from fire.
   rC-:       It makes you vulnerable to cold.
   rPois:     It protects you from poison +Blink: It lets you blink.
Scrolls
 b - a scroll of enchant weapon {unknown}
 d - a scroll of fog {unknown}
 f - a scroll of revelation {unknown}
 g - a scroll of butterflies {unknown}
 j - 2 scrolls of immolation {unknown}
 r - a scroll of teleportation {unknown}
 s - a scroll of identify {unknown}
Potions
 a - a potion of magic
 k - a potion of brilliance {unknown}
 l - a potion of lignification
 m - a potion of resistance {unknown}
 o - a potion of might {unknown}
 q - a potion of heal wounds {unknown}


   Skills:
 + Level 1.3 Fighting
 + Level 0.5 Short Blades
 + Level 1.3 Maces & Flails
 + Level 2.6 Dodging
 + Level 2.4 Stealth
 - Level 2.0 Spellcasting
 + Level 5.9 Conjurations
 * Level 1.9 Evocations


You had 6 spell levels left.
You knew the following spells:

 Your Spells              Type           Power      Damage    Failure   Level
a - Magic Dart            Conj           100%       1d8       1%          1
b - Searing Ray           Conj           50%        2d6       1%          2

Your spell library contained the following spells:

 Spells                   Type           Power      Damage    Failure   Level
 Kiss of Death            Conj/Necr      52%        2d9       4%          1
 Confusing Touch          Hex            2%         N/A       43%         3
 Fulminant Prism          Conj/Alch      6%         3d7       43%         4
 Iskenderun's Mystic Bla  Conj/Tloc      13%        2d5       43%         4
 Dispel Undead            Necr           2%         3d7       83%         4


Dungeon Overview and Level Annotations

Branches:
Dungeon (4/15)              Sewer (1/1)
 Temple: D:4-7

Altars:
Elyvilon


Innate Abilities, Weirdness & Mutations

Your plain brown scales are hard. (AC +6)
You cannot fit into any form of body armour.
You are cold-blooded and may be slowed by cold attacks.


Message History

Unknown command.
Casting: Searing Ray (safe; 2% risk of failure)
Confirm with . or Enter, or press ? or * to list all spells.
Aiming: Magic Dart (safe; 1% risk of failure)
Press: ? - help, Shift-Dir - straight line, f - kobold brigand
Aim: a kobold brigand, wielding a +0 short sword and quivering curare-tipped darts (severely wounded, 100% to hit)
The magic dart hits the kobold brigand.
The kobold brigand is almost dead.
The kobold brigand hits you but does no damage.
The kobold brigand hits you with a +0 short sword.
* * * LOW HITPOINT WARNING * * *
It was a potion of berserk rage.
A red film seems to cover your vision as you go berserk!
You feel yourself moving faster!
You feel mighty! The kobold brigand barely misses you.
The kobold brigand closely misses you.
You hit the kobold brigand.
Your tail-slap misses the kobold brigand.
The kobold brigand is almost dead.
The kobold brigand misses you.
The kobold brigand hits you but does no damage.
You closely miss the kobold brigand.
The kobold brigand is almost dead.
The kobold brigand closely misses you. The kobold brigand misses you.
You closely miss the kobold brigand.
The kobold brigand is almost dead.
The kobold brigand hits you with a +0 whip.
* * * LOW HITPOINT WARNING * * *
The kobold brigand hits you with a +0 short sword.
* * * LOW HITPOINT WARNING * * *
You sock the kobold brigand!
You kill the kobold brigand!
The kobold brigand hits you with a +0 whip.
* * * LOW HITPOINT WARNING * * *
Your Maces & Flails skill increases to level 1!
You have reached level 6!
Your scales feel tougher.
You barely miss the kobold brigand.
The kobold brigand is moderately wounded.
The kobold brigand hits you with a +0 whip.
You die...

### #### ###.####..#
#####..........
###........P.....
#....†........... ####
##................
#....#@................
#...?K)~~...~~~.......~
#.∩..')~....~~~~~~...~P
#....#~~~.P~~~~~~P..P~~
##############~#######~
~~~~~~~~~ ≈≈~≈≈≈≈≈
~~~~~~~ #~~~~##


You could see a kobold brigand.

Vanquished Creatures
  2 kobold brigands (Sewer)
  Robin (D:2)
  5 adders
  3 river rats (D:4)
  2 dart slugs
  6 orcs
  5 endoplasms
  3 giant cockroaches
  6 goblins (D:2)
  3 hobgoblins
  2 quokkas
  5 ball pythons
  12 bats
  2 frilled lizards
  6 kobolds
  7 rats
70 creatures vanquished.

Notes
Turn   | Place    | Note
-------+----------+-------------------------------------------
     0 | D:1      | monsoonserge the Draconian Conjurer began the quest for the
                  | Orb.
     0 | D:1      | Reached XP level 1. HP: 14/14 MP: 3/3
   280 | D:1      | Found a faded altar of an unknown god.
   407 | D:1      | Reached XP level 2. HP: 20/20 MP: 3/5
   727 | D:1      | Learned a level 2 spell: Searing Ray
  1080 | D:2      | Reached skill level 5 in Conjurations
  1080 | D:2      | Reached XP level 3. HP: 26/26 MP: 2/6
  1356 | D:2      | Noticed Robin
  1374 | D:2      | Killed Robin
  1812 | D:2      | Reached XP level 4. HP: 33/33 MP: 0/7
  2209 | D:3      | Identified the ring of the Thistle {Fire +Blink rPois Str+2
                  | Dex+2}
  2335 | D:3      | HP: 1/34 [orc/+3 flail (10)]
  2726 | D:4      | Found a white marble altar of Elyvilon.
  2734 | D:4      | Found a glowing drain.
  2751 | D:4      | Reached skill level 1 in Evocations
  2807 | Sewer    | Entered a sewer
  2873 | Sewer    | Noticed a kobold brigand
  2876 | Sewer    | Reached XP level 5. HP: 38/39 MP: 4/8
  2883 | Sewer    | Reached skill level 1 in Fighting
  3047 | Sewer    | HP: 3/60 [kobold brigand/+0 whip (1)]
  3048 | Sewer    | Reached skill level 1 in Maces & Flails
  3048 | Sewer    | Reached XP level 6. HP: 4/47 MP: 0/9
  3048 | Sewer    | Slain by a kobold brigand

Illustrated notes

Levels and vault maps discovered:
D:1:      matt_arrival_los_fun, layout_loops_cross,
          chequers_ecumenical_altar_simple_redux
D:2:      minmay_diamond_boxcup, layout_basic, uniq_robin
D:3:      layout_basic
D:4:      layout_basic, elyvilon_altar_4, portal_sewer_entry_b,
          uniq_blork_the_orc, uniq_crazy_yiuf_cottage, uniq_natasha
Sewer:    kennysheep_pipe_town

Skill      XL: |  1  2  3  4  5 |
---------------+----------------+-----
Conjurations   | 5 |  5.9
Dodging        | 2 |  2.6
Stealth        | 2 |  2.4
Evocations     | 1 |  1.9
Fighting       | 1 |  1.3
Maces & Flails | 1 |  1.3
Short Blades   | |  0.5
Spellcasting   | |  2.0

Action                     |  1- 3 |  4- 6 || total
---------------------------+-------+-------++-------
  Melee: Unarmed           |     6 |       ||     6
         Tailslap          |     4 |     1 ||     5
         Short sword       |    10 |     3 ||    13
         Flail             |       |    52 ||    52
   Cast: Magic Dart        |    17 |     1 ||    18
         Searing Ray       |    16 |    18 ||    34
    Use: Potion            |     2 |     1 ||     3
 Armour: Skin              |    22 |    70 ||    92
  Dodge: Dodged            |    16 |    74 ||    90

Table legend: (Time is in decaauts)
 A = Elapsed time spent in this place.
 B = Non-inter-level travel time spent in this place.
 C = Inter-level travel time spent in this place.
 D = Time resting spent in this place.
 E = Time spent auto-exploring this place.
 F = Levels seen in this place.
 G = Mean time per level.
                   A        B        C        D        E       F      G
               +--------+--------+--------+--------+--------+-----+--------+
         Total |   3088 |   3006 |     82 |    314 |   1929 |   5 |  617.6 |
       Dungeon |   2814 |   2732 |     82 |    244 |   1892 |   4 |  703.5 |
         Sewer |    274 |    274 |      0 |     70 |     37 |   1 |  274.0 |
               +--------+--------+--------+--------+--------+-----+--------+

Top non-repeatable levels by time:
     D:2: 1264 daAuts
     D:1: 829 daAuts
     D:3: 618 daAuts
   Sewer: 274 daAuts
     D:4: 101 daAuts
